[Event "European Women-ch 2023"]
[Site "Petrovac"]
[Date "2023.03.18"]
[Round "1.11"]
[White "Danielian, Elina"]
[Black "Gaboyan, Susanna"]
[Result "1/2-1/2"]
[ECO "B38"]
[WhiteElo "2431"]
[BlackElo "2160"]
[Annotator "TA"]
[PlyCount "105"]
[EventDate "2023.03.15"]
[EventType "swiss"]
[EventCountry "MNE"]
[SourceTitle "playchess.com"]
[Source "ChessBase"]
[SourceQuality "1"]
[TimeControl "40/5400+30:1800+30"]

1. Nf3 Nf6 2. c4 g6 3. Nc3 c5 4. d4 cxd4 5. Nxd4 Bg7 6. e4 d6 7. Be2 Nc6 8. Be3 O-O 9. O-O a6 10. Rc1 Bd7 11. Nb3 Ne5 {[%emt 0:14:25] B38: Sicilian: Maroczy Bind with 5...Bg7 and 7...0-0.} 12. Nd5 Nxd5 ({But not} 12... Nxe4 13. Bb6 Qe8 14. Nc7 $16) 13. cxd5 {[%emt 0:08:50] [#] Strongly threatening f4.} Bb5 {[%emt 0:10:52] [#] White is slightly better.} 14. Nd4 $146 ({Predecessor:} 14. Bd4 Qd7 15. Rc3 Bxe2 16. Qxe2 Rfc8 17. Rfc1 Rxc3 18. Rxc3 Rc8 19. f4 Rxc3 20. Bxc3 Ng4 21. Bxg7 Kxg7 22. Qc2 Nf6 23. Qe2 Ng4 24. Qc2 Nf6 25. Qe2 Ng4 26. Qc2 {½-½ Darga,K-Taimanov,M Capablanca Memorial-03 1964 (17)}) 14... Bxe2 15. Qxe2 Qa5 16. b3 Rfc8 17. h3 Qd8 18. f4 Nd7 19. Nf3 Rxc1 20. Rxc1 Rc8 {[%emt 0:00:14] Wards off Qc2} 21. Rc4 Nf6 22. Kh2 Rxc4 23. Qxc4 Ne8 24. a4 Qc7 25. g4 Qxc4 26. bxc4 $11 {[%emt 0:00:02][%mdl 4096] Endgame KBN-KBN} Bc3 27. g5 Nc7 28. Nd4 Bb4 29. Kg3 Bc5 30. Kf3 Na8 (30... a5 $14) 31. Nb3 $16 b6 32. e5 Nc7 (32... Bxe3 $16 {keeps fighting.} 33. Kxe3 Nc7) 33. a5 (33. Bxc5 $18 {and White stays clearly on top.} bxc5 34. Na5) 33... Bxe3 34. Kxe3 {[%emt 0:00:04] KN-KN} b5 35. Kd4 bxc4 36. Kxc4 Nb5 37. Nd2 (37. Nc1 $16) 37... Kg7 38. Ne4 h6 39. h4 hxg5 40. hxg5 Kf8 41. Kd3 Ke8 42. Nd2 Kd7 43. Nc4 e6 $2 {[%emt 0:11:20][%mdl 8192] [#]} (43... Ke8 $11 {and Black is okay.}) 44. exd6 $2 (44. dxe6+ $1 $18 Kxe6 45. Nxd6) 44... exd5 $11 {[%emt 0:01:22] The position is equal.} 45. Ne5+ Kxd6 46. Nxf7+ Ke6 47. Ne5 Kf5 48. Ke3 Nd6 49. Nc6 Nc4+ 50. Kf3 Nd2+ 51. Ke2 Nc4 52. Kf3 Nd2+ 53. Ke2 {[%emt 0:02:02] Weighted Error Value: White=0.25 (precise) /Black=0.28 (precise)} 1/2-1/2

[Event "European Women-ch 2023"]
[Site "Petrovac"]
[Date "2023.03.18"]
[Round "1.11"]
[White "Balajayeva, Khanim"]
[Black "Berke, Ana"]
[Result "1/2-1/2"]
[ECO "B36"]
[WhiteElo "2372"]
[BlackElo "2107"]
[Annotator "TA"]
[PlyCount "56"]
[EventDate "2023.03.15"]
[EventType "swiss"]
[EventCountry "MNE"]
[SourceTitle "playchess.com"]
[Source "ChessBase"]
[SourceQuality "1"]
[TimeControl "40/5400+30:1800+30"]

1. c4 c5 2. Nf3 Nc6 3. d4 cxd4 4. Nxd4 Nf6 5. Nc3 d6 6. e4 g6 7. Be2 Nxd4 8. Qxd4 Bg7 9. Be3 O-O 10. Qd2 Be6 {[%emt 0:00:56] 10...Be6 has lost popularity.} 11. Rc1 a6 12. f3 Qa5 {[%emt 0:02:53] B36: Sicilian: Maroczy Bind: Gurgenidze System.} 13. Nd5 Qxd2+ 14. Kxd2 {[%emt 0:03:10] [#]} Nxd5 $146 {[%emt 0:03:21] White is slightly better.} ({Predecessor:} 14... Bxd5 15. cxd5 Rfc8 16. b4 Nd7 17. a4 Kf8 18. a5 Ke8 19. f4 Kd8 20. Bg4 Rxc1 21. Rxc1 {½-½ Socko,B (2635)-Macieja,B (2617) POL-ch 65th Lublin 2008 (5)}) 15. cxd5 Bc8 16. b3 b5 17. Rc7 Re8 {[%emt 0:01:50] Black is weak on the light squares} 18. Rhc1 $36 {[%emt 0:03:00][%cal Bh1c1,Bc1c6,Bc6d6][%mdl 2080] White is on the roll.} e6 19. R1c6 {[%emt 0:17:17] White has more active pieces. The black rooks are badly placed.} exd5 20. exd5 b4 21. Bf4 (21. Rxd6 Bc3+ 22. Kd1 Be5 23. Rxc8 (23. Bc5 Bxd6 24. Bxd6 Rd8 $15) 23... Bxd6 24. Rxa8 Rxa8 $15) (21. Bd3 $16) 21... Bc3+ $11 22. Kd1 Bf5 23. Rxd6 (23. Rxa6 $2 Rxa6 24. Rxc3 Rxe2 $19) 23... Bb1 (23... a5 $11 {remains equal.}) 24. Bg3 (24. Bxa6 $2 Re1#) (24. Rxa6 $2 Rxa6 25. Rxc3 Rxa2 $19) ({White has to play} 24. Rdc6 $1 $16) 24... Re3 {[%emt 0:13:11][%mdl 1024] Black has compensation.} 25. Bf4 (25. Bxa6 Bxa2 26. Bc4 Bb1 $15) (25. Rxa6 $2 Rae8 26. Rxc3 (26. Kc1 $2 Rxe2 27. Kxb1 Rb2+ 28. Kc1 Rxg2 $19) 26... bxc3 $19) (25. Rdc6 $11 Rae8 26. Rxc3 (26. Bxa6 $2 Re1+ {[%mdl 64] Back Rank} 27. Bxe1 Rxe1#) (26. Kc1 $2 Rxe2 27. Kxb1 Rb2+ 28. Kc1 Ree2 $19) 26... bxc3 27. Bxa6) 25... Ree8 $16 {[%emt 0:01:09] [#]} 26. Bg3 (26. Bxa6 $2 Re1#) (26. Rxa6 $2 Rxa6 27. Rxc3 Rxa2 $19) (26. Rdc6 $1 $16) 26... Re3 (26... Bxa2 $11 27. Bc4 (27. Bxa6 $2 Bxb3+ 28. Kc1 Bxd5 $19) 27... a5) 27. Bf4 ({Reject} 27. Bxa6 Bxa2 28. Kc2 Bd4 $15) (27. Rxa6 $2 Rae8 28. Rxc3 (28. Kc1 $2 Rxe2 29. Kxb1 Rb2+ 30. Kc1 Rxg2 $19) 28... bxc3 $19) 27... Ree8 {[%emt 0:00:36] [#]} 28. Bg3 (28. Bxa6 $2 Re1#) (28. Rxa6 $2 {is the wrong capture.} Rxa6 29. Rxc3 Rxa2 $19) (28. Rdc6 $1 $16) 28... Re3 {[%emt 0:00:17] Weighted Error Value: White=0.52/Black=0.17 (very precise)} (28... Bxa2 $5 29. Bc4 $8 (29. Bxa6 $2 {loses.} Bxb3+ 30. Kc1 Bxd5 $19) 29... a5 $11) 1/2-1/2

[Event "European Women-ch 2023"]
[Site "Petrovac"]
[Date "2023.03.18"]
[Round "1.11"]
[White "Sliwicka, Alicja"]
[Black "Kostina, Veronika"]
[Result "1-0"]
[ECO "B33"]
[WhiteElo "2272"]
[BlackElo "1855"]
[Annotator "TA"]
[PlyCount "51"]
[EventDate "2023.03.15"]
[EventType "swiss"]
[EventCountry "MNE"]
[SourceTitle "playchess.com"]
[Source "ChessBase"]
[SourceQuality "1"]
[TimeControl "40/5400+30:1800+30"]

1. e4 c5 2. Nf3 Nc6 3. d4 cxd4 4. Nxd4 Qb6 5. Nb3 Nf6 6. Nc3 e6 7. Bd3 a6 8. O-O d6 9. Kh1 {[%emt 0:04:21] B33: Sicilian: Pelikan and Sveshnikov Variations.} Qc7 10. f4 b5 11. Qf3 {[%emt 0:00:25][%cal Oe4e5] White has an edge.} Bb7 12. Bd2 {[%emt 0:00:48] [#]} Rc8 $146 ({Predecessor:} 12... Be7 13. Rae1 b4 14. Ne2 g6 15. Qh3 h5 16. c3 a5 17. Nbd4 Nd8 18. Ng1 Ng4 {0-1 Castellanos Rodriguez,R (2509)-Salgado Lopez,I (2614) ESP-chT CECLUB Honor 2013 (6.4)}) 13. Rae1 Be7 14. Qh3 b4 15. Ne2 e5 (15... O-O $11 {remains equal.}) 16. Ng3 $16 {[%emt 0:04:24] White is more active.} Qd7 17. Nf5 $1 O-O 18. fxe5 dxe5 (18... Nxe5 $16 {is a better chance.} 19. Nbd4 (19. Bxb4 Rfe8 $16) (19. Qg3 Nh5 $16) 19... Rfe8 20. Nxe7+ (20. Bxb4 Bf8 $16) 20... Rxe7) 19. Bh6 $18 Rfd8 (19... g6 $142 20. Nxe7+ {[%mdl 64] Discovered Attack} Qxe7) 20. Bxg7 {[%emt 0:01:19] Strongly threatening Qg3.} Ne8 21. Qg3 (21. Nh6+ $142 Kxg7 22. Rxf7+ Kg6 23. Qg3+ Kxh6 24. Qg8 Bh4 25. Ref1 Bf2 26. R1xf2) 21... h5 22. Nh6+ (22. Bc4 $142 Kh7 23. Bxf7 Qe6 24. Bxe6 Rd6 25. Bg8+ {[%mdl 64] Decoy} Kxg8 26. Nxe7+ Kh7 27. Rf7 Nxe7 28. Bxe5+ Kh6 29. Bf4#) 22... Kh7 {[%emt 0:00:11] [#]} 23. Rf3 $2 f5 $2 {[%mdl 8192] [#]} (23... Nxg7 $2 24. Rxf7 (24. Nxf7 Rf8 $11) 24... Rg8 25. Nf5 $18) (23... h4 $11 24. Qf2 Nxg7 25. Nxf7 Rf8) 24. Rxf5 $1 Qe6 (24... Nxg7 25. Rf7) 25. Rf7 $2 (25. Bxe5 $18 h4 26. Qf4 Nxe5 27. Rxe5) 25... Rxd3 $4 {[%emt 0:09:02][%mdl 8192] [#]} (25... h4 $14 26. Bxe5+ (26. Rxe7 Qxe7 27. Nf5 hxg3 $17) 26... Qxf7 27. Nxf7 hxg3 28. Nxd8 Rxd8 29. Bxg3 Kg8) 26. Ref1 $4 {[%emt 0:01:14][%mdl 40960] Quite a comeback for Black. An exciting game.   Weighted Error Value: White=0.84/Black=1.52. Loss on time!?} 1-0

[Event "European Women-ch 2023"]
[Site "Petrovac"]
[Date "2023.03.18"]
[Round "1.12"]
[White "Zherebtsova, Alexandra"]
[Black "Badelka, Olga"]
[Result "0-1"]
[ECO "D26"]
[WhiteElo "2155"]
[BlackElo "2428"]
[Annotator "TA"]
[PlyCount "114"]
[EventDate "2023.03.15"]
[EventType "swiss"]
[EventCountry "MNE"]
[SourceTitle "playchess.com"]
[Source "ChessBase"]
[SourceQuality "1"]
[TimeControl "40/5400+30:1800+30"]

1. c4 Nf6 2. Nf3 e6 3. Nc3 d5 4. e3 dxc4 5. Bxc4 a6 6. d4 b5 7. Be2 {[%emt 0:01:45] D26: Queen's Gambit Accepted: 4 e3 e6 5 Bxc5 c5 sidelines.} Bb7 8. a3 c5 9. O-O {[%emt 0:04:06] The position is equal.} Nc6 10. dxc5 Bxc5 11. b4 Bd6 12. Bb2 O-O 13. Qb3 Qe7 14. Rfd1 Rfd8 {[%emt 0:03:38] [#]} 15. Rd2 $146 ({Predecessor:} 15. Rac1 Rac8 16. Ba1 Ne5 17. Nxe5 Bxe5 18. f4 Bb8 19. Bf3 Bxf3 20. gxf3 Rxd1+ 21. Rxd1 {0-1 Singh,D (2344)-Shyam,S (2457) Mumbai Mayors Cup 4th 2011 (9)}) 15... Ne5 {[%emt 0:10:08] White must now prevent ...Nxf3+.} 16. Nxe5 Bxe5 {[%emt 0:00:10][%mdl 64] Discovered Attack} 17. Rad1 Rxd2 18. Rxd2 Rc8 19. Nb1 Bd5 20. Qd1 Bxb2 21. Rxb2 Qc7 {[%emt 0:00:19] Repels Rc2} 22. Rd2 g6 23. f3 {[%emt 0:06:17] Prevents Ne4} Kg7 $36 {[%emt 0:03:31][%mdl 2048] White is under strong pressure.} 24. Bd3 Qb6 25. Kf2 h5 26. Qe2 h4 27. Rc2 Rd8 {[%emt 0:00:13] ...Qd6 is the strong threat.} 28. Nc3 (28. Rd2 $142) 28... Bb7 {[%emt 0:01:12] Hoping for ...Qd6.} 29. Kg1 {[%emt 0:07:26] [#]} h3 $1 30. Ne4 {[%emt 0:02:37] Prevents Qd6.} (30. Be4 Nxe4) 30... Bxe4 31. Bxe4 hxg2 $1 32. Kxg2 Qd6 $1 33. Bc6 Qe5 (33... Rh8 34. f4) (33... Rc8 $19 34. Bb7 Rxc2 35. Qxc2 Qb6) 34. f4 Qa1 35. Ra2 Qc3 36. Bf3 Nd5 ({Black should play} 36... Rd6 $19 37. Kf2 Rd3) 37. Bxd5 (37. Kf2 $142) 37... Rxd5 $17 {[%emt 0:00:04][%mdl 4096] Endgame KQR-KQR} 38. Kf3 Rd3 {[%emt 0:00:34] aiming for ...Qd4.} 39. Kf2 Kf6 (39... e5 $142 {Strongly threatening ...exf4.} 40. fxe5 Qc4) 40. h4 Rd5 41. Kf3 Qc6 42. Kg3 {[%emt 0:02:08] [#]} (42. Qc2 $1 $15 Qxc2 43. Rxc2) 42... Qc1 $1 43. Kg2 Kg7 {[%emt 0:01:47] Black has more active pieces.} 44. Rb2 (44. Qb2+ $17 Qxb2+ 45. Rxb2) 44... Rd1 {[%emt 0:08:38] ...Rg1+ would be deadly.} 45. Rc2 {[%emt 0:02:56] [#]} Qb1 (45... Qxa3 $2 46. Qxd1 Qxe3 47. Qf3 $18) ({Inferior is} 45... Rg1+ 46. Kf2 Qb1 47. Rb2 $15) 46. Qf2 ({Reject} 46. Kf3 Rh1 47. Qd2 e5 48. fxe5 Rxh4 $19) 46... Rh1 47. e4 $2 (47. Rc5 {was worth a try.}) 47... Rxh4 $19 {[%emt 0:02:18][%mdl 64] Deflection} ({Stronger than} 47... Qd1 48. Rd2 Qb1 49. Re2 $17) 48. Kg3 (48. Qxh4 $142 Qxc2+ 49. Kg1) 48... Rh5 49. Re2 Qh1 50. Qg2 {[%emt 0:00:08] Against Qh3+} Qh4+ 51. Kf3 Qh3+ 52. Kf2 $2 (52. Qxh3 Rxh3+ 53. Kg4 Rxa3 54. e5) 52... Qxa3 53. f5 exf5 54. e5 Rh4 {[%emt 0:02:54] ( -> ...Rf4+)} 55. e6 Rf4+ {[%emt 0:00:14] Black mates.} 56. Kg1 Qc1+ 57. Kh2 Rh4+ {[%emt 0:00:05] Weighted Error Value: White=0.61/Black=0.27 (precise)} 0-1

[Event "European Women-ch 2023"]
[Site "Petrovac"]
[Date "2023.03.18"]
[Round "1.12"]
[White "Makropoulou, Marina"]
[Black "Sargsyan, Anna M."]
[Result "1-0"]
[ECO "B18"]
[WhiteElo "2102"]
[BlackElo "2371"]
[Annotator "TA"]
[PlyCount "55"]
[EventDate "2023.03.15"]
[EventType "swiss"]
[EventCountry "MNE"]
[SourceTitle "playchess.com"]
[Source "ChessBase"]
[SourceQuality "1"]
[TimeControl "40/5400+30:1800+30"]

1. e4 c6 2. d4 d5 3. Nc3 dxe4 4. Nxe4 Bf5 5. Ng3 Bg6 6. N1e2 Nf6 7. h4 {[%emt 0:01:55] B18: Classical Caro-Kann: 4...Bf5 sidelines.} h6 $1 8. c3 e6 9. Nf4 {[%emt 0:01:51] The position is equal.} Bh7 10. Qb3 {[%emt 0:00:58] 10.Ngh5 is becoming the main line.} Qc7 {[%emt 0:00:21] [#]} 11. Be2 $146 ({Predecessor:} 11. Nfh5 Nbd7 12. Bf4 Qb6 13. Bc4 Qxb3 14. axb3 Nd5 15. Bd2 N7f6 16. b4 Bg6 17. Nf4 Nxf4 18. Bxf4 {1-0 Bigott,M (1780)-Memmesheimer,T (1583) Troisdorf op  2010 (1)}) 11... Nbd7 12. Be3 (12. Ngh5 $11) 12... Bd6 (12... O-O-O $5) 13. Ngh5 O-O 14. O-O-O a5 15. Bd3 Nd5 (15... Bxd3 {simplifies} 16. Nxf6+ Nxf6 17. Nxd3 a4) 16. Bxh7+ Kxh7 17. Qc2+ g6 18. Nxd5 exd5 ({Black should play} 18... cxd5 $15 19. g3 Kg8) 19. g3 $11 {[%emt 0:00:42] And now Nf4 would win.} a4 {[%emt 0:01:33] [#]} (19... Rfe8 $11) 20. Rhe1 ({White has to play} 20. Nf4 $1 $16 {Hoping for h5.} Kh8 21. Nd3) 20... Qd8 (20... Rfe8 $11) 21. Nf4 {[%emt 0:02:17] Strongly threatening h5.} (21. Bf4 {feels hotter.} Nf6 22. Nxf6+ Qxf6 23. Bxd6 Qxd6 24. Re5) 21... Kh8 22. Nd3 Kg7 23. Qd2 Rh8 24. Bf4 Bxf4 25. Qxf4 Qf6 26. Qc7 {[%emt 0:02:42][%csl LRb7,LRd7] White is more active.} Qf5 {[%emt 0:04:33][%mdl 8192] [#]} (26... Rhd8 $16 {keeps fighting.}) 27. Re7 (27. Qxb7 a3 $14) 27... Rad8 (27... Rhd8 $142 28. g4 {[%mdl 64] Deflection} (28. Qxb7 Rab8 $16) 28... Qf6 29. Rxd7 Rac8) 28. g4 {[%emt 0:01:27][%mdl 64] Deflection.   Weighted Error Value: White=0.19 (very precise) /Black=0.46} ({Not} 28. Qxb7 a3 $16) 1-0

[Event "European Women-ch 2023"]
[Site "Petrovac"]
[Date "2023.03.18"]
[Round "1.12"]
[White "Bakalarz, Grazyna"]
[Black "Zhapova, Yana"]
[Result "0-1"]
[ECO "B13"]
[WhiteElo "1847"]
[BlackElo "2269"]
[Annotator "TA"]
[PlyCount "58"]
[EventDate "2023.03.15"]
[EventType "swiss"]
[EventCountry "MNE"]
[SourceTitle "playchess.com"]
[Source "ChessBase"]
[SourceQuality "1"]
[TimeControl "40/5400+30:1800+30"]

1. e4 c6 2. d4 d5 3. exd5 cxd5 4. Bd3 Nc6 5. c3 Nf6 6. Bf4 Bg4 7. Qb3 Qd7 8. Nd2 e6 9. Ngf3 Bd6 $1 {[%emt 0:01:14][%mdl 4] is now more promising than 9...Bxf3.} 10. Ne5 {[%emt 0:02:05] B13: Caro-Kann: Exchange Variation and Panov-Botvinnik Attack.} Qc7 11. Nxg4 Bxf4 12. Nxf6+ {[%emt 0:00:27] The position is equal.} gxf6 13. Nf3 O-O-O 14. g3 Bd6 15. O-O-O Kb8 16. Kb1 {[%emt 0:03:51] [#]} Ne7 $146 ({Predecessor:} 16... f5 17. Nh4 Na5 18. Qc2 Rc8 19. f4 Ka8 20. Nf3 Rb8 21. Qe2 Rhc8 22. Ne5 a6 {1-0 Nasuta,G (2534)-Vazquez,G (2501) Titled Tuesday intern op 1st Oct blitz 2019 (4)}) 17. Nh4 Ng6 18. Ng2 Be7 19. c4 dxc4 20. Bxc4 Rd6 21. Ne3 (21. d5 {is interesting.} Ne5 22. Be2 Rb6 23. Qc2) 21... f5 22. d5 Rb6 23. Qc3 Rc8 {[%emt 0:03:39] Black wants to play ...f4.} 24. dxe6 fxe6 {[%emt 0:00:19] White should prevent ...Ne5.} 25. Qg7 (25. f4 $1 $11) 25... f4 $36 {[%emt 0:02:43][%mdl 2048] Black has strong initiative.} 26. gxf4 Qxf4 {[%emt 0:00:07] [#] Hoping for ...Bf6.} 27. Bb3 $2 (27. Qd4 $17 {was the crucial defense.}) 27... Qxf2 {[%emt 0:04:09] aiming for ...Bf6.} 28. Rd3 $2 (28. Nc4 Bf6 29. Rhf1 Qxf1 30. Rxf1 Bxg7 31. Nxb6 axb6 32. Bxe6) 28... Bf6 $19 29. Nd1 {[%emt 0:02:55] White is weak on the dark squares} Qf4 {[%emt 0:00:19] Weighted Error Value: White=0.98/Black=0.12 (very precise)} 0-1

[Event "European Women-ch 2023"]
[Site "Petrovac"]
[Date "2023.03.18"]
[Round "1.13"]
[White "Fataliyeva, Ulviyya"]
[Black "Ivekovic, Tihana"]
[Result "1-0"]
[ECO "A13"]
[WhiteElo "2427"]
[BlackElo "2132"]
[Annotator "TA"]
[PlyCount "57"]
[EventDate "2023.03.15"]
[EventType "swiss"]
[EventCountry "MNE"]
[SourceTitle "playchess.com"]
[Source "ChessBase"]
[SourceQuality "1"]
[TimeControl "40/5400+30:1800+30"]

1. Nf3 Nf6 2. c4 e6 3. e3 d5 4. b3 Be7 5. Nc3 O-O 6. Bb2 b6 7. cxd5 {[%emt 0:00:09] A13: English Opening: 1...e6.} exd5 8. d4 Bb7 9. Rc1 {[%emt 0:01:54] White has an edge.} Nbd7 10. Bd3 Re8 11. O-O a6 12. Ne5 b5 13. Ne2 Bd6 14. f4 c5 {[%emt 0:05:36][%cal Bc7c5,Bc5c4][%mdl 32] [#]} 15. Ng3 $146 {[%emt 0:01:53] Black must now prevent Nxd7.} ({Predecessor:} 15. dxc5 Nxc5 16. Ng3 Nxd3 17. Qxd3 Rc8 18. Nf5 Bf8 19. Qd4 Re6 20. Rxc8 Bxc8 21. Qa7 {½-½ Belov,I (2439)-Miroshnichenko,E (2646) RUS-chT2 Sochi 2007 (2)}) 15... c4 16. Bb1 g6 17. h4 Rc8 18. h5 Kg7 (18... Rc7 $11 {is superior.}) 19. Qf3 $14 Ba8 $2 (19... Rc7 $14) 20. f5 $2 {[%emt 0:10:14] [#]} (20. hxg6 $18 {aiming for Nf5+.} hxg6 21. f5 Nxe5 22. dxe5 Bxe5 23. Bxe5 Rxe5 24. Qf4) 20... g5 $1 $17 21. h6+ Kg8 22. Nh5 $1 ({Wrong is} 22. bxc4 $2 dxc4 23. Be4 Bxe5 24. dxe5 Nxe5 25. Bxe5 Rxe5 26. Bxa8 Rxa8 $17) 22... Bf8 $2 {[%emt 0:01:38][%mdl 8192] [#]} (22... Nxe5 $15 23. dxe5 Rxe5) 23. Nxd7 $1 $18 Nxd7 24. f6 $40 {[%emt 0:00:52][%mdl 128] Qf5 would be deadly. White goes for the king.} Bxh6 $2 (24... Bd6 25. Ng7 Nf8) 25. Ba3 {[%emt 0:05:56] White is clearly winning.} ({Less strong is} 25. Qf5 Nf8 $16) 25... Ne5 (25... Re4 $142 26. Be7 Qb6 27. Bxe4 dxe4) 26. dxe5 d4 27. Qf5 d3 28. bxc4 bxc4 {[%emt 0:00:08] [#]} 29. Rxc4 $3 {[%emt 0:00:59][%mdl 576] Remove Defender. An entertaining game by Fataliyeva.   Weighted Error Value: White=0.26 (precise) /Black=0.62} 1-0

[Event "European Women-ch 2023"]
[Site "Petrovac"]
[Date "2023.03.18"]
[Round "1.13"]
[White "Melia, Salome"]
[Black "Pogorelskikh, Sofia"]
[Result "1/2-1/2"]
[ECO "B31"]
[WhiteElo "2366"]
[BlackElo "2102"]
[Annotator "TA"]
[PlyCount "108"]
[EventDate "2023.03.15"]
[EventType "swiss"]
[EventCountry "MNE"]
[SourceTitle "playchess.com"]
[Source "ChessBase"]
[SourceQuality "1"]
[TimeControl "40/5400+30:1800+30"]

1. e4 c5 2. Nf3 Nc6 3. Bb5 g6 4. O-O Bg7 5. c3 e5 6. d4 cxd4 7. cxd4 exd4 8. Bf4 a6 9. Ba4 $1 {[%emt 0:00:25] 9.Ba4 scores better than 9.Bc4. B31: Sicilian: 2...Nc6 3 Bb5 g6.} Nge7 10. Bd6 b5 11. Bb3 Bb7 12. Ng5 O-O 13. Qf3 Qe8 (13... h6 $2 14. Nxf7 Rxf7 15. Qxf7+ Kh7 16. a4 $18) 14. Qg3 Na5 15. Nd2 {[%emt 0:07:32][%cal Og5h7] White wants to play Nxh7!} h6 16. Ngf3 Rc8 {[%emt 0:01:20] [#]} 17. Rac1 $146 ({White should play} 17. Ne5 $11) ({Predecessor:} 17. Rfe1 Qd8 18. Ne5 Nxb3 19. Qxb3 Nc6 20. Bxf8 Bxe5 21. Ba3 Na5 22. Qh3 Nc4 23. Rad1 Nxd2 24. Rxd2 {½-½ Duda,J (2731)-Wang,H (2722) Chess.com Rapid CGC KO 2022 (2.1)}) 17... Rxc1 18. Rxc1 Nxb3 19. axb3 f5 (19... Qd8 $5 ) 20. e5 (20. Bxe7 Qxe7 21. exf5 (21. Qxg6 $2 fxe4 22. Re1 Qb4 $19) 21... gxf5 $17) 20... f4 21. Qg4 Rf5 22. Rc7 $2 {[%emt 0:16:44] Prevents Nc6} (22. Nxd4 $2 Rg5 23. Qh3 (23. Qxf4 $2 Rxg2+ 24. Kf1 g5 $19) 23... Bxg2 24. Qxg2 Rxg2+ 25. Kxg2 g5 $19) (22. Bxe7 $11 Qxe7 23. Qxg6) 22... Bc6 $2 (22... Bxf3 $19 23. Nxf3 Nc6) 23. Bxe7 (23. Nxd4 {simplifies} Rg5 24. Nxc6 Nxc6 25. Qxd7 Qxd7 26. Rxd7 Nxe5 27. Rd8+) 23... Qxe7 (23... h5 $1 $11 24. Qh4 Bxe5 25. Nxe5 Rxe5) 24. Qxg6 $16 Qf8 25. h4 {[%emt 0:04:20] White is much more active.} (25. Nxd4 Rg5 26. Rxc6 Rxg6 27. Rxg6 Qc5 $17) 25... d3 26. Kh2 Rf7 (26... Kh8 $16 {was worth a try.}) 27. Qxd3 (27. Nd4 $18 Re7 28. Qxd3 (28. Nxc6 dxc6 29. Qxc6 Rxc7 $16)) 27... Qb8 {[%emt 0:01:27] [#]} 28. e6 Qxc7 $11 29. exf7+ Kxf7 30. h5 Qd8 31. Qg6+ Kg8 32. Ne5 Bd5 33. Ndf3 {[%emt 0:00:41] Repels Qh4+} Qe7 34. Ng4 $2 {[%emt 0:00:36] [#]} (34. Qf5 $11 {and White is okay.} Bxb3 35. Ng6) 34... Be4 $2 (34... Qe6 $1 $19 {[%cal Re6g6] ...Qxg6 is the strong threat.} 35. Nxh6+ Kh8) 35. Nxh6+ $16 {[%emt 0:00:31] A dynamic duo of knights.} ({Much weaker is} 35. Qxa6 $6 Bxf3 36. gxf3 Qh4+ 37. Kg1 Qxh5 $11) 35... Kf8 36. Nf5 ({And not} 36. Qxa6 Qc5 37. Kg1 Qc1+ 38. Kh2 Qc5 $11) 36... Qf6 (36... Bxf5 $16 {might work better.} 37. Qxf5+ Qf7) 37. N3h4 $2 {[%emt 0:00:30] [#]} (37. Qxg7+ $18 Qxg7 38. Nxg7 Kxg7 39. Kh3) 37... Bxf5 $1 $17 38. Qxf5 Qxf5 39. Nxf5 Bxb2 {[%emt 0:00:20][%mdl 4096] Endgame Strongly threatening ...a5. KB-KN} 40. Kh3 a5 {[%emt 0:00:00] aiming for ...a4.} 41. Nd6 a4 42. Nxb5 a3 (42... axb3 $15 43. Kg4 Be5) 43. Nxa3 $1 $11 {[%emt 0:00:04] The position is equal.} Bxa3 {[%emt 0:00:04] KB-KP} 44. Kg4 Bd6 {[%emt 0:01:19] ...Kg7 would be deadly.} 45. b4 $1 Kg7 46. b5 Kh6 {[%emt 0:10:37] White must now prevent ...Bc7.} 47. b6 {[%emt 0:00:45] Prevents Bc7} Bb8 48. g3 fxg3 49. fxg3 {[%emt 0:00:07] KB-K3P} d5 50. b7 Bc7 (50... d4 $5) 51. Kf3 Kxh5 52. Ke3 Bb6+ 53. Kf4 Bc7+ 54. Ke3 Bb6+ {[%emt 0:00:00] Weighted Error Value: White=0.33/Black=0.28 (precise)} 1/2-1/2